 Dungeon Crawl Stone Soup version 0.20-b1-2-gc5a9893 (webtiles) character file.

327 zhorgal the Changer (level 6, -8/38 HPs)
             Began as an Octopode Transmuter on May 22, 2017.
             Mangled by Prince Ribbit (14 damage)
             ... on level 7 of the Dungeon.
             The game lasted 00:24:35 (6449 turns).

zhorgal the Changer (Octopode Transmuter)           Turns: 6449, Time: 00:24:35

Health: -8/38      AC:  2    Str: 10    XL:     6   Next: 50%
Magic:  6/11       EV: 19    Int: 17    God:
Gold:   271        SH:  0    Dex: 17    Spells: 2/12 levels left

rFire    . . .     SeeInvis .     - Unarmed
rCold    + . .     Gourm    .   (shield currently unavailable)
rNeg     . . .     Faith    .   (helmet currently unavailable)
rPois    x         Spirit   .   (no amulet)
rElec    .         Reflect  .   d - ring of protection from cold
rCorr    .         Harm     .   (no ring)
MR       .....                  (no ring)
Stlth    ++........             (no ring)
Regen    0.2/turn               (no ring)
MPRegen  0.2/turn               (no ring)
                                (no ring)
                                (no ring)

@: spider-form, very slightly contaminated
A: almost no armour, stealthy swim, (amphibious), 8 rings, (constrict 8)
a: End Transformation


You were on level 7 of the Dungeon.
You were very hungry.
You were a venomous arachnid creature.
You visited 2 branches of the dungeon, and saw 8 of its levels.

You collected 271 gold pieces.

Inventory:

Hand Weapons
 g - a +0 dagger
 l - a +0 whip (melded)
 s - a +0 short sword
 x - a +0 spear
 y - a +0 hand crossbow
Missiles
 a - 11 arrows
 e - 149 stones (quivered)
 k - 5 javelins
 w - 4 tomahawks
Magical Staves
 E - an uncursed staff of earth {unknown}
Jewellery
 d - a ring of protection from cold (left front leg)
Wands
 t - a wand of lightning (9/15)
 z - a wand of scattershot (6/9)
 A - a wand of iceblast (9/15)
 F - a wand of polymorph (16/24)
Scrolls
 i - 3 scrolls of identify
 m - 6 scrolls of remove curse
 o - 3 scrolls of magic mapping
 r - 5 scrolls of teleportation
 u - a scroll of recharging
 B - a scroll of fear {unknown}
 D - a scroll of enchant weapon {unknown}
 I - a scroll of blinking
 J - a scroll of immolation
Potions
 j - 2 potions of flight {unknown}
 n - a potion of degeneration {unknown}
 q - a potion of magic {unknown}
 v - 3 potions of curing
 C - a potion of might {unknown}
 G - 2 potions of cancellation {unknown}
 H - a potion of heal wounds {unknown}
Books
 b - a book of Changes

   Spells                             Type                      Level
   a - Beastly Appendage              Transmutation                1
   b - Sticks to Snakes               Transmutation                2
   c - Spider Form                    Transmutation/Poison         3
   d - Ice Form                       Ice/Transmutation            4
   e - Blade Hands                    Transmutation                5
Comestibles
 c - 3 bread rations
 f - 2 fruits
 h - 3 royal jellies
 p - 2 meat rations


   Skills:
 + Level 1.0 Fighting
 + Level 2.0 Dodging
 - Level 1.1 Stealth
 - Level 3.0 Unarmed Combat
 - Level 3.7 Spellcasting
 - Level 4.7 Transmutations
 - Level 3.0 Poison Magic


You had 2 spell levels left.
You knew the following spells:

 Your Spells              Type           Power        Failure   Level  Hunger
a - Beastly Appendage     Tmut           ###...       9%          1    None
b - Sticks to Snakes      Tmut           ###.....     12%         2    ##.....
c - Spider Form           Tmut/Pois      ###.......   24%         3    ###....
d - Ice Form              Ice/Tmut       ##......     73%         4    ####...


Dungeon Overview and Level Annotations

Branches:
Dungeon (7/15)             Temple (1/1) D:5

Altars:
Ashenzari
Cheibriados
Dithmenos
Elyvilon
Fedhas
Gozag
Hepliaklqana
Kikubaaqudgha
Makhleb
Nemelex Xobeh
Okawaru
Qazlal
Ru
Sif Muna
Trog
Uskayaw
Vehumet
Yredelemnul
Zin
The Shining One

Shops:
D:7 }

Annotations:
D:5 2 transporters
D:7 Prince Ribbit


Innate Abilities, Weirdness & Mutations

You cannot wear most types of armour.
You are very stealthy in the water. (Stealth+)
((You are amphibious.))
You can wear up to eight rings at the same time.
((You can use your tentacles to constrict eight enemies at once.))
((Your skin changes colour to match your surroundings (Stealth+).))
((Your rubbery body absorbs attacks. (AC +1, EV +1)))


Message History

Confirm with . or Enter, or press ? or * to list all spells.
You turn into a venomous arachnid creature.
Your +0 whip melds into your body.
You see here a stone.
You see here a stone.
You see here a stone.
You see here a stone.
Prince Ribbit hits you. x2
You bite Prince Ribbit!
Prince Ribbit is lightly wounded.
Prince Ribbit hits you!
You hit Prince Ribbit.
Prince Ribbit is poisoned.
Prince Ribbit is moderately wounded.
Prince Ribbit barely misses you.
You barely miss Prince Ribbit.
Prince Ribbit is moderately wounded.
Prince Ribbit hits you!!
* * * LOW HITPOINT WARNING * * *
Prince Ribbit hits you!
You die...

#.# ##.# #..# #... #..# #..#
.. ## #######..#########
##..###.. ........((((.sF..#
......#.# ######((#######.# #
#..#.#.# #............##.#
.###..#.#.#
#.###.#..###.##.#............
#..∩...# #.##.#..###..#....
#.#.#..# #.##.....##.......
#.#..^.###.##.# #.........#
#.#...........# #.....#...#
#.#.##.....##.###.###.#...#


You could see Prince Ribbit.

Vanquished Creatures
  A crimson imp (D:5)
  A hound (D:5)
  A centaur skeleton (D:4)
  A worker ant (D:4)
  A hound zombie (D:5)
  A hound skeleton (D:6)
  2 worker ant zombies
  6 adders
  2 oozes
  2 adder skeletons
  2 worms
  3 dart slugs (D:1)
  5 leopard geckos
  2 orcs
  8 bats
  A giant cockroach (D:3)
  10 hobgoblins
  2 jackals (D:3)
  9 kobolds
  2 quokkas
  2 ball pythons
  2 frilled lizards
  9 goblins
  A leopard gecko zombie (D:5)
  7 rats
83 creatures vanquished.

Notes
Turn   | Place    | Note
-------+----------+-------------------------------------------
     0 | D:1      | zhorgal the Octopode Transmuter began the quest for the Orb.
     0 | D:1      | Reached XP level 1. HP: 13/13 MP: 3/3
   157 | D:1      | Reached skill level 1 in Stealth
   319 | D:1      | Reached XP level 2. HP: 16/18 MP: 3/5
   328 | D:1      | Learned a level 2 spell: Sticks to Snakes
  1158 | D:1      | Reached XP level 3. HP: 22/23 MP: 6/6
  1163 | D:1      | Learned a level 3 spell: Spider Form
  1250 | D:2      | Reached skill level 3 in Transmutations
  2058 | D:2      | Reached XP level 4. HP: 26/28 MP: 6/8
  2618 | D:3      | Found a bloodstained altar of Trog.
  3792 | D:4      | You fall through a shaft for 3 floors!
  3801 | D:7      | Noticed a gnoll sergeant
  3823 | D:7      | Reached skill level 1 in Poison Magic
  3823 | D:7      | Reached XP level 5. HP: 25/33 MP: 9/9
  3829 | D:7      | Learned a level 4 spell: Ice Form
  3896 | D:6      | Reached skill level 4 in Transmutations
  4004 | D:5      | Entered Level 5 of the Dungeon
  4278 | D:4      | Noticed a phantom
  4594 | D:4      | Found a stormy altar of Qazlal.
  5112 | D:5      | Reached XP level 6. HP: 38/38 MP: 11/11
  5165 | D:5      | Found a staircase to the Ecumenical Temple.
  5178 | Temple   | Entered the Ecumenical Temple
  5421 | D:5      | Noticed a hand axe
  5421 | D:5      | Noticed a hand axe
  5427 | D:5      | Found a hide-covered altar of Uskayaw.
  5459 | D:5      | Found an iron altar of Okawaru.
  5460 | D:5      | Noticed an orc warrior
  5676 | D:6      | Found a glowing golden altar of the Shining One.
  6283 | D:6      | Noticed a sky beast
  6344 | D:6      | Noticed a sky beast
  6417 | D:7      | Found Qiphimm's Gadget Emporium.
  6438 | D:7      | Noticed Prince Ribbit
  6449 | D:7      | Mangled by Prince Ribbit

Skill      XL: |  1  2  3  4  5  6 |
---------------+-------------------+-----
Stealth        | 1 |  1.1
Transmutations | 3 4 |  4.7
Spellcasting   | 3 |  3.7
Poison Magic   | 1 2 3 |  3.0
Fighting       | |  1.0
Dodging        | |  2.0
Unarmed Combat | |  3.0

Action                   |  1- 3 |  4- 6 || total
-------------------------+-------+-------++-------
Melee: Dagger            |    67 |       ||    67
       Constrict         |    33 |    33 ||    66
       Tentacles         |    16 |    31 ||    47
       Kick              |     2 |    21 ||    23
       Whip              |    27 |   152 ||   179
       Punch             |       |     1 ||     1
       Unarmed           |       |     3 ||     3
Throw: Stone             |    24 |    24 ||    48
 Cast: Beastly Appendage |     9 |    17 ||    26
       Sticks to Snakes  |     1 |       ||     1
       Spider Form       |       |     1 ||     1
  Use: Scroll            |     8 |     5 ||    13
 Stab: Sleeping          |     3 |    12 ||    15
  Eat: Chunk             |     4 |     9 ||    13
       Fruit             |       |     4 ||     4
Armor: Skin              |     7 |     8 ||    15
Dodge: Dodged            |    48 |    89 ||   137
